 Dungeon Crawl Stone Soup version 0.26-a0-753-g4680b4fa2e (webtiles) character file.

Game seed: 12514713505250299002

1263 Descartes the Covert (level 8, -3/34 HPs)
             Began as a Felid Fighter on Nov 7, 2020.
             Slain by a scorpion (9 damage)
             ... in an ossuary.
             The game lasted 00:12:41 (7389 turns).

Descartes the Covert (Felid Fighter)                Turns: 7389, Time: 00:12:41

Health: -3/34      AC:  2    Str: 13    XL:     8   Next: 27%
Magic:  9/9        EV: 23    Int: 10    God:
Gold:   348        SH:  0    Dex: 16    Spells: 7/7 levels left
                                        Lives:  0   Deaths: 2

rFire    . . .     SeeInvis +     - Unarmed
rCold    . . .     Faith    .   (shield unavailable)
rNeg     . . .     Spirit   .   (armour unavailable)
rPois    .         Reflect  .   (helmet unavailable)
rElec    .         Harm     .   (cloak unavailable)
rCorr    .         Rampage  .   (gloves unavailable)
MR       +....                  (boots unavailable)
Stlth    +++++.....             q - amulet of the acrobat
HPRegen  0.11/turn              (no ring)
MPRegen  0.11/turn              (no ring)

@: lethally poisoned (-3 -> -24), quick
A: very small, no armour, no weapons or thrown items, stealth, claws 1, fangs 3,
see invisible, speed 1, shaggy fur 2, sharp paws
a: no special abilities


You were in an ossuary.
You visited 2 branches of the dungeon, and saw 7 of its levels.
You also visited: Ossuary.

You collected 348 gold pieces.

Inventory:

Missiles
 d - 169 arrows
 i - 110 stones
Jewellery
 j - an uncursed ring of ice
 q - an amulet of the acrobat (around neck)
Wands
 s - a wand of random effects (12)
 w - a wand of flame (17)
 x - a wand of polymorph (9)
Scrolls
 b - 8 scrolls of identify
 c - 3 scrolls of teleportation
 g - a scroll of brand weapon {unknown}
 h - 13 scrolls of remove curse
 l - 3 scrolls of blinking
 u - a scroll of amnesia
Potions
 a - a potion of might
 e - 5 potions of curing
 f - 3 potions of haste
 m - a potion of brilliance {unknown}
 o - 2 potions of heal wounds
 r - a potion of berserk rage {unknown}
 t - 2 potions of lignification {unknown}
 z - a potion of degeneration {unknown}
 A - a potion of cancellation {unknown}


   Skills:
 - Level 3.0 Fighting
 + Level 7.7 Dodging
 + Level 11.9 Stealth
 + Level 6.4 Unarmed Combat
 + Level 5.2 Evocations


You had 7 spell levels left.
You didn't know any spells.
Your spell library contained the following spells:

 Spells                   Type           Power        Failure   Level
 Animate Skeleton         Necr           #.....       36%         1
 Apportation              Tloc           #.....       36%         1
 Corona                   Hex            #......      36%         1
 Summon Small Mammal      Summ           #...         36%         1


Dungeon Overview and Level Annotations

Branches:
Dungeon (6/15)             Temple (1/1) D:6         Ossuary (1/1)

Altars:
Cheibriados
Dithmenos
Fedhas
Gozag
Hepliaklqana
Kikubaaqudgha
Makhleb
Nemelex Xobeh
Okawaru
Ru
Sif Muna
Trog
Uskayaw
Vehumet
Wu Jian
Xom
Zin
The Shining One


Innate Abilities, Weirdness & Mutations

You cannot wear armour.
You are incapable of wielding weapons or throwing items.
Your paws allow you to move quietly. (Stealth)
You have sharp claws.
You have razor-sharp teeth.
You have supernaturally acute eyesight. (SInv)
You cover ground quickly.
You are covered in thick fur. (AC +2)
Your sharp claws are effective at attacking unaware monsters.


Message History

You feel sick. The scorpion completely misses you.
You claw the scorpion!
The scorpion is heavily wounded.
You feel sick.
The scorpion zombie completely misses you.
The scorpion stings you!
You are lethally poisoned!
The scorpion poisons you!
You scratch the scorpion but do no damage.
The scorpion is heavily wounded.
You feel sick. The scorpion stings you.
* * * LOW HITPOINT WARNING * * *
The scorpion zombie hits you.
* * * LOW HITPOINT WARNING * * *
You claw the scorpion!
You bite the scorpion, but do no damage.
The scorpion is severely wounded.
* * * LOW HITPOINT WARNING * * *
You feel sick. The scorpion stings you!
You die...

###################
..#...#^^^#.?.#...#
..8...'^^^#?.!'...#
......#^^^#M!?#ZsZ#
8...8###'#######@##
......#...#...#^^^#
..8...#...8...#^^^#
..#...#....†..#^^^#
########8..Z8##^^^#
..#^^^#....†..#^^^#
..#^^^+...8...#^^^#
.?#^^^#...#...#^^^#
####+###########'##


You could see a scorpion and 2 scorpion zombies.

Vanquished Creatures
  Sigmund (D:3)
  Menkaure (D:4)
  3 ice beasts (D:5)
  A sky beast (D:4)
  A phantom (D:5)
  2 ogres (D:4)
  A centaur (D:3)
  Blork the orc (D:4)
  10 scorpions
  2 centaur zombies
  3 hounds
  A jelly (D:5)
  2 human zombies (Ossuary)
  2 bullfrog skeletons
  Natasha (twice) (D:4)
  2 orc wizards
  A worker ant (D:5)
  3 big kobold zombies (Ossuary)
  3 mummies (Ossuary)
  7 adders
  4 gnolls (D:3)
  4 scorpion zombies (Ossuary)
  An ufetubus (D:5)
  An ooze (D:4)
  A worm zombie (D:6)
  An adder zombie (D:5)
  2 worms (D:3)
  2 dart slugs
  3 leopard geckos
  7 orcs
  13 bats
  5 giant cockroaches
  9 goblins
  8 hobgoblins
  16 jackals
  5 quokkas
  3 frilled lizards
  A gnoll zombie (Ossuary)
  4 hobgoblin zombies (Ossuary)
  9 kobolds
  A quokka zombie (D:3)
  8 rats
  A rat zombie (D:6)
158 creatures vanquished.

Notes
Turn   | Place    | Note
-------+----------+-------------------------------------------
     0 | D:1      | Descartes the Felid Fighter began the quest for the Orb.
     0 | D:1      | Reached XP level 1. HP: 10/10 MP: 2/2
    35 | D:1      | Reached skill level 1 in Stealth
   149 | D:1      | Reached skill level 2 in Stealth
   195 | D:1      | Reached XP level 2. HP: 11/14 MP: 3/3
   322 | D:1      | Reached skill level 3 in Stealth
   566 | D:1      | Reached skill level 4 in Stealth
   613 | D:1      | Reached XP level 3. HP: 17/17 MP: 4/4
  1358 | D:2      | Reached skill level 5 in Stealth
  1448 | D:2      | Reached XP level 4. HP: 10/21 MP: 5/5
  2466 | D:3      | Noticed Sigmund
  2471 | D:3      | Killed Sigmund
  2471 | D:3      | Reached skill level 8 in Stealth
  2471 | D:3      | Reached XP level 5. HP: 13/24 MP: 6/6
  2688 | D:3      | Gained mutation: You are covered in thick fur. (AC +2)
                  | [Felid growth]
  2688 | D:3      | Reached XP level 6. HP: 28/28 MP: 7/7
  2894 | D:3      | Reached skill level 9 in Stealth
  3179 | D:3      | Found a faded altar of an unknown god.
  3555 | D:4      | Reached skill level 10 in Stealth
  3555 | D:4      | Reached XP level 7. HP: 23/31 MP: 8/8
  3562 | D:4      | Reached skill level 1 in Evocations
  3771 | D:4      | Found a bloodstained altar of Trog.
  4168 | D:4      | Noticed Natasha
  4172 | D:4      | Noticed Menkaure
  4177 | D:4      | Slain by Menkaure
  4178 | D:4      | Reached XP level 6. HP: -4/28 MP: 7/7
  4251 | D:4      | Noticed Blork the orc
  4255 | D:4      | Killed Blork the orc
  4255 | D:4      | Reached skill level 5 in Dodging
  4319 | D:4      | Reached XP level 7. HP: 26/31 MP: 8/8
  4323 | D:4      | Killed Natasha
  4475 | D:4      | Killed Menkaure
  4475 | D:4      | Reached skill level 5 in Unarmed Combat
  5091 | D:4      | Noticed Natasha
  5099 | D:4      | Killed Natasha
  5306 | D:5      | Entered Level 5 of the Dungeon
  5335 | D:5      | Reached skill level 11 in Stealth
  5620 | D:5      | Reached XP level 8. HP: 34/34 MP: 9/9
  6378 | D:6      | Found a staircase to the Ecumenical Temple.
  6390 | Temple   | Entered the Ecumenical Temple
  6665 | D:6      | Found a sand-covered staircase.
  6672 | Ossuary  | Entered an ossuary
  6742 | Ossuary  | HP: 1/34 [hobgoblin zombie (2)]
  6751 | Ossuary  | Slain by a human zombie
  6752 | Ossuary  | Reached XP level 7. HP: -5/31 MP: 8/8
  6990 | Ossuary  | Reached XP level 8. HP: 31/34 MP: 9/9
  6994 | Ossuary  | Reached skill level 5 in Evocations
  7389 | Ossuary  | Slain by a scorpion

Illustrated notes

Levels and vault maps discovered:
D:1:      nzn_arrival_crosshair, layout_loops_corners
D:2:      layout_rooms
D:3:      minmay_wonky_spiral, layout_basic, chequers_ecumenical_altar_grove,
          uniq_sigmund
D:4:      layout_basic, trog_butcher_becter, uniq_natasha, uniq_menkaure,
          uniq_blork_the_orc
D:5:      layout_cave_pools, water_boxes_lemuel
D:6:      layout_basic, minmay_temple_entry_drinking_statues, enter_ossuary_3
Temple:   dpeg_five_rooms_temple
Ossuary:  ossuary_minmay_scorpions

Skill      XL: |  1  2  3  4  5  6  7  8 |
---------------+-------------------------+-----
Stealth        | 2 4 5 8 10 11 | 11.9
Evocations     | 2 3 5 |  5.2
Dodging        | 5 6 7 |  7.7
Unarmed Combat | 5 6 |  6.4
Fighting       | |  3.0

Action                   |  1- 3 |  4- 6 |  7- 9 || total
-------------------------+-------+-------+-------++-------
Melee: Unarmed           |   105 |   148 |   274 ||   527
       Bite              |     8 |     6 |    38 ||    52
       Punch             |     1 |     1 |     3 ||     5
  Use: Potion            |       |       |     6 ||     6
       Scroll            |       |       |    10 ||    10
 Stab: Sleeping          |    10 |    16 |    26 ||    52
       Distracted        |       |       |     1 ||     1
Armor: Skin              |     7 |     5 |     6 ||    18
Dodge: Dodged            |   115 |   135 |   263 ||   513

Table legend: (Time is in decaauts)
 A = Elapsed time spent in this place.
 B = Non-inter-level travel time spent in this place.
 C = Inter-level travel time spent in this place.
 D = Time resting spent in this place.
 E = Time spent auto-exploring this place.
 F = Levels seen in this place.
 G = Mean time per level.
                   A        B        C        D        E       F      G
               +--------+--------+--------+--------+--------+-----+--------+
         Total |   6576 |   6310 |    266 |    243 |   5024 |   8 |  822.0 |
       Dungeon |   5711 |   5483 |    228 |    243 |   4389 |   6 |  951.8 |
        Temple |    191 |    153 |     38 |      0 |    151 |   1 |  191.0 |
       Ossuary |    673 |    673 |      0 |      0 |    483 |   1 |  673.0 |
               +--------+--------+--------+--------+--------+-----+--------+

Top non-repeatable levels by time:
     D:4: 1610 daAuts
     D:1: 1377 daAuts
     D:5: 956 daAuts
     D:3: 934 daAuts
     D:2: 780 daAuts
 Ossuary: 673 daAuts
  Temple: 191 daAuts
     D:6: 52 daAuts
